 Dungeon Crawl Stone Soup version 0.30-a0-760-g5a9884bb7c (webtiles) character file.

Game seed: 2733608501656144715

95 BRD the Chopper (level 4, -2/35 HPs)
             Began as a Demonspawn Gladiator on Feb 11, 2023.
             Splashed by a jelly's acid (4 damage)
             ... on level 5 of the Dungeon.
             The game lasted 00:03:18 (903 turns).

BRD the Chopper (Demonspawn Gladiator)               Turns: 903, Time: 00:03:19

Health: -2/35      AC: -1    Str: 14    XL:     4   Next: 39%
Magic:  4/4        EV: 12    Int: 11    God:
Gold:   79         SH:  0    Dex: 15    Spells: 3/3 levels left

rFire   . . .      SeeInvis .    a - +0 war axe
rCold   . . .      Faith    .    (no shield)
rNeg    . . .      Spirit   .    b - +0 leather armour
rPois   .          Reflect  .    (helmet restricted)
rElec   .          Harm     .    (no cloak)
rCorr   .          Rampage  .    (no gloves)
Will    .....                    (no boots)
Stlth   +                        (no amulet)
HPRegen 0.25/turn                (no ring)
MPRegen 0.09/turn                (no ring)

@: corroded
A: antennae 1, foul stench 1
a: no special abilities


You were on level 5 of the Dungeon.
You visited 1 branch of the dungeon, and saw 4 of its levels.

You collected 79 gold pieces.

Inventory:

Hand Weapons
 a - a +0 war axe (weapon)
Missiles
 d - 2 throwing nets (quivered)
 h - 3 poisoned darts
Armour
 b - a +0 leather armour (worn)
Scrolls
 f - 2 scrolls of teleportation
 g - a scroll of identify
Potions
 c - a potion of heal wounds
 e - a potion of brilliance


   Skills:
 + Level 3.0 Fighting
 + Level 3.4 Axes
 - Level 2.0 Throwing
 + Level 3.4 Dodging


You had 3 spell levels left.
You didn't know any spells.
Your spell library was empty.

Dungeon Overview and Level Annotations

Branches:
Dungeon (5/15)
 Temple: D:4-7

Altars:
Gozag


Innate Abilities, Weirdness & Mutations

You have a pair of small antennae on your head.
You may rarely emit foul miasma when damaged in melee.


Message History

The magic dart hits you.
Blork the orc struggles against the net.
As you read the scroll of identify, it crumbles to dust.
c - a potion of heal wounds Blork the orc struggles against the net.
Blork the orc struggles against the net. x2
The net rips apart, and Blork the orc comes free!
Blork the orc gestures at you while chanting.
The magic dart hits you.
Blork the orc hits you with a +0 hand axe.
You slash Blork the orc!
You kill Blork the orc!
Your Fighting skill increases to level 3!
You have reached level 4!
You feel agile.
Things that are here:
a +0 hand axe; a +0 robe; the orc corpse of Blork the orc
h - a poisoned dart
h - 2 poisoned darts (gained 1)
h - 3 poisoned darts (gained 1)
A worm comes into view.
Found 5 gold pieces.
A jelly comes into view.
You hit the worm.
The worm is lightly wounded.
The worm closely misses you.
You hit the worm but do no damage.
The worm is lightly wounded.
The worm misses you.
You slash the worm!
The worm is severely wounded.
You hit the jelly.
Your hands burn!
You hear the slow hiss of a distant avalanche of sand.
The jelly hits you. The acid corrodes you!
You are splashed with acid!
The worm bites you!
* * * LOW HITPOINT WARNING * * *
You hit the worm.
The worm is almost dead.
You hit the jelly.
Your hands burn!
You die...

#.<..........#
#............##........
##########...##........
#...##....$...
#######...##........
#....##...#.........
#....##...#......... #
#....##...#..J...... #
#...........@w...... #
#....####.#(........ #
#....# #.#.##.#+### #
#....# #.#.# .#
#####...[####.#.# #
.........<......#
######...#....#..
#................
####.##..#....##.


You could see a worm and a jelly.

Vanquished Creatures
  Blork the orc (D:5)
  A worm (D:2)
  2 dart slugs (D:1)
  5 ball pythons (D:1)
  An endoplasm (D:1)
  4 goblins
  2 hobgoblins (D:1)
  3 kobolds (D:1)
  A quokka (D:1)
  2 bats (D:2)
  2 rats (D:1)
24 creatures vanquished.

Vanquished Creatures (others)
  A demonic plant (D:5)
1 creature vanquished.

Grand Total: 25 creatures vanquished

Notes
Turn   | Place    | Note
-------+----------+-------------------------------------------
     0 | D:1      | BRD the Demonspawn Gladiator began the quest for the Orb.
     0 | D:1      | Reached XP level 1. HP: 16/16 MP: 1/1
   213 | D:1      | Gained mutation: You have a pair of small antennae on your
                  | head. [demonic ancestry]
   213 | D:1      | Reached XP level 2. HP: 22/22 MP: 2/2
   671 | D:2      | Gained mutation: You may rarely emit foul miasma when
                  | damaged in melee. [demonic ancestry]
   671 | D:2      | Reached XP level 3. HP: 14/28 MP: 3/3
   730 | D:2      | Found a faded altar of an unknown god.
   733 | D:2      | You fall into a shaft and drop 2 floors!
   743 | D:4      | Noticed a scorpion
   751 | D:5      | Entered Level 5 of the Dungeon
   767 | D:5      | Found an opulent altar of Gozag.
   857 | D:5      | Noticed Blork the orc
   869 | D:5      | Killed Blork the orc
   870 | D:5      | Reached XP level 4. HP: 18/35 MP: 4/4
   903 | D:5      | Splashed by a jelly's acid

Illustrated notes

Levels and vault maps discovered:
D:1:      minmay_arrival_stair_chambers, layout_basic
D:2:      layout_loops_ring, hellmonk_ecumenical_altar_pennies_from_heaven,
          minmay_tetromino_t4, uniq_sigmund
D:4:      layout_basic, minmay_puff
D:5:      layout_basic, kiku_gazebo_garden_becter, grunt_gozag_breadcrumbs,
          minmay_temple_entry_arrows, serial_demonic, serial_demonic_f,
          serial_demonic_d, serial_demonic_e, serial_demonic_d, enter_ossuary_4,
          uniq_blork_the_orc

Skill      XL: |  1  2  3 |
---------------+----------+-----
Throwing       | 2 |  2.0
Axes           | 3 |  3.4
Dodging        | 3 |  3.4
Fighting       | 3 |  3.0

Action                     |  1- 3 |  4- 6 || total
---------------------------+-------+-------++-------
  Melee: War axe           |    56 |     4 ||    60
  Throw: Dart              |     4 |       ||     4
         Throwing net      |     1 |       ||     1
    Use: Scroll            |     3 |       ||     3
 Armour: Leather armour    |    12 |       ||    12
  Dodge: Dodged            |    34 |     2 ||    36

Table legend: (Time is in decaauts)
 A = Elapsed time spent in this place.
 B = Non-inter-level travel time spent in this place.
 C = Inter-level travel time spent in this place.
 D = Time resting spent in this place.
 E = Time spent auto-exploring this place.
 F = Levels seen in this place.
 G = Mean time per level.
                   A        B        C        D        E       F      G
               +--------+--------+--------+--------+--------+-----+--------+
         Total |    922 |    875 |     47 |     43 |    508 |   4 |  230.5 |
       Dungeon |    922 |    875 |     47 |     43 |    508 |   4 |  230.5 |
               +--------+--------+--------+--------+--------+-----+--------+

Top non-repeatable levels by time:
     D:1: 663 daAuts
     D:5: 152 daAuts
     D:2: 89 daAuts
     D:4: 17 daAuts
